 Dungeon Crawl Stone Soup version 0.29-a0-323-g050149af67 (webtiles) character file.

Game seed: 14806948346241258476

9825 garrulousMonolith the Cleaver (level 11, -2/97 HPs)
             Began as a Hill Orc Fighter on Apr 11, 2022.
             Was a Believer of Beogh.
             Slain by a gargoyle
             ... wielding a +0 dire flail
              (10 damage)
             ... on level 11 of the Dungeon.
             The game lasted 00:16:08 (14297 turns).

garrulousMonolith the Cleaver (Hill Orc Fighter)   Turns: 14297, Time: 00:16:09

Health: -2/97      AC: 15    Str: 22    XL:     11   Next: 52%
Magic:  0/26       EV:  5    Int: 10    God:    Beogh [**....]
Gold:   350        SH: 14    Dex: 10    Spells: 9/10 levels left

rFire   . . .      SeeInvis .   F - +1 hand axe (elec)
rCold   . . .      Faith    .   u - +0 tower shield
rNeg    . . .      Spirit   +   b - +0 plate armour
rPois   .          Reflect  .   (no helmet)
rElec   .          Harm     .   r - +0 cloak {rCorr}
rCorr   +          Rampage  .   (no gloves)
Will    .....                   (no boots)
Stlth   ..........              j - amulet of guardian spirit
HPRegen 0.26/turn               n - ring of magical power
MPRegen 0.20/turn               B - ring of flight

@: flying
A: no striking features
a: Renounce Religion, Smiting


You were on level 11 of the Dungeon.
You worshipped Beogh.
Beogh was pleased with you.
You visited 2 branches of the dungeon, and saw 12 of its levels.

You collected 413 gold pieces.
You spent 63 gold pieces at shops.

Inventory:

Hand Weapons
 a - a +1 war axe
 o - a +2 trident of protection
 p - a +0 glaive
 q - a +3 battleaxe
 x - a +0 glaive
 C - a +6 spear
 D - a +0 halberd
 F - a +1 hand axe of electrocution (weapon)
Missiles
 i - a throwing net
 m - 34 poisoned darts (quivered)
Armour
 b - a +0 plate armour (worn)
 c - a +1 buckler
 r - a +0 cloak of preservation (worn)
 u - a +0 tower shield (worn)
Jewellery
 j - an amulet of guardian spirit (around neck)
 n - a ring of magical power (left hand)
 B - a ring of flight (right hand)
Wands
 d - a wand of digging (2)
 e - a wand of flame (17)
 w - a wand of mindburst (10)
Scrolls
 f - 3 scrolls of immolation
 g - 3 scrolls of fog
 h - 4 scrolls of teleportation
 k - a scroll of identify
 l - 2 scrolls of amnesia
 y - 4 scrolls of blinking
 A - 2 scrolls of magic mapping
Potions
 s - 2 potions of flight
 t - a potion of magic
 v - 2 potions of heal wounds
 z - a potion of ambrosia
 E - a potion of lignification
Miscellaneous
 G - a phial of floods


   Skills:
 + Level 9.0 Fighting
 * Level 12.8 Axes
 + Level 8.3 Armour
 - Level 5.0 Dodging
 + Level 8.2 Shields
 + Level 8.6 Invocations


You had 9 spell levels left.
You knew the following spells:

 Your Spells              Type           Power      Damage    Failure   Level
a - Apportation           Tloc           0%         N/A       100%        1

Your spell library contained the following spells:

 Spells                   Type           Power      Damage    Failure   Level
 Animate Skeleton         Necr           0%         N/A       100%        1
 Summon Small Mammal      Summ           0%         N/A       100%        1
 Confusing Touch          Hex            0%         N/A       100%        3
 Portal Projectile        Hex/Tloc       0%         N/A       100%        3
 Blade Hands              Tmut           0%         N/A       100%        5
 Excruciating Wounds      Necr           0%         N/A       100%        5
 Yara's Violent Unravell  Hex/Tmut       0%         3d3       100%        5
 Enfeeble                 Hex            0%         N/A       100%        7


Dungeon Overview and Level Annotations

Branches:
Dungeon (11/15)            Temple (1/1) D:7            Lair (0/6) D:10
    Orc: D:9-12

Altars:
Ashenzari
Cheibriados
Dithmenos
Elyvilon
Fedhas
Gozag
Hepliaklqana
Kikubaaqudgha
Makhleb
Nemelex Xobeh
Okawaru
Qazlal
Ru
Sif Muna
Trog
Uskayaw
Vehumet
Wu Jian
Xom
Yredelemnul
Zin
The Shining One

Shops:
D:3 [   D:5 *   D:8 *   D:11 (

Annotations:
D:5 3 runed translucent doors, Darius099's ghost, novice TrBe
D:10 exclusion: door


Message History

The stone arrow misses you.
You hit the acid dragon.
The acid dragon is moderately wounded.
You barely miss the gargoyle. The acid dragon bites you.
You block the acid dragon's attack.
The gargoyle hits you with a +0 dire flail.
You barely miss the acid dragon.
The acid dragon is moderately wounded.
You hit the gargoyle but do no damage.
The acid dragon bites you but does no damage.
The acid dragon completely misses you. You block the gargoyle's attack.
You barely miss the acid dragon.
The acid dragon is moderately wounded.
You hit the gargoyle but do no damage. The acid dragon barely misses you.
You block the acid dragon's attack. You block the gargoyle's attack.
You slash the acid dragon!
The acid dragon is severely wounded.
You hit the gargoyle but do no damage. You block the acid dragon's attack.
The acid dragon claws you but does no damage.
The gargoyle hits you with a +0 dire flail!
You hit the acid dragon but do no damage.
The acid dragon is severely wounded.
You hit the gargoyle but do no damage. The acid dragon bites you.
You block the acid dragon's attack.
The gargoyle hurls a stone arrow at you.
The stone arrow misses you.
You closely miss the acid dragon.
The acid dragon is severely wounded.
You hit the gargoyle but do no damage. The acid dragon spits acid at you.
The splash of acid hits you. You resist.
The gargoyle hurls a stone arrow at you.
The stone arrow hits you!!
* * * LOW HITPOINT WARNING * * *
You hit the gargoyle but do no damage.
The gargoyle is heavily damaged.
You hit the acid dragon but do no damage.
You block the acid dragon's attack. The acid dragon barely misses you.
The gargoyle hits you with a +0 dire flail!
You die...

### ## #.. .###
#.##...##
##############.#.....###
........................
..................∩...#
..............#.@9..†.#
...............#.D...##
.####........[.##...##
.# #.###..............
.# +.......####+######
.# #.......# ##
####....# #.#..# #.#..#


You could see an acid dragon (catching breath) and a gargoyle.

Vanquished Creatures
  A boulder beetle (D:10)
  Erica (D:9)
  A tengu warrior (D:8)
  A komodo dragon (D:10)
  A tengu conjurer (D:8)
  2 hornets
  Grinder (D:3)
  Sigmund (D:4)
  A wraith (D:10)
  10 yaks
  3 steam dragons
  2 acid dragons
  A water moccasin (D:7)
  2 orc warriors
  An ice beast (D:6)
  2 black bears
  An ogre (D:7)
  4 centaurs
  2 phantoms
  2 kobold brigands
  3 bullfrogs
  3 gnoll sergeants
  A wyvern zombie (D:5)
  2 necrophages
  2 scorpions
  13 wights
  17 killer bees
  A water moccasin skeleton (D:5)
  A bullfrog zombie (D:5)
  3 howler monkeys
  3 centaur zombies (D:5)
  2 hounds
  2 orc priests
  A centaur skeleton (D:5)
  2 jellies
  A bullfrog skeleton (D:5)
  A gnoll shaman (D:5)
  2 iguanas
  2 scorpion zombies (D:5)
  7 orc wizards
  3 hound zombies (D:5)
  A howler monkey zombie (D:5)
  23 gnolls
  12 adders
  3 white imps
  2 ufetubi
  2 dart slugs (D:1)
  25 orcs
  6 endoplasms
  4 giant cockroaches
  7 goblins
  7 hobgoblins
  7 jackals
  19 kobolds
  A quokka (D:3)
  10 ball pythons
  9 bats
  3 frilled lizards (D:3)
  5 rats
258 creatures vanquished.

Vanquished Creatures (others)
  An orc priest (D:5)
  An orc wizard (D:5)
  2 orcs (D:5)
  12 plants
  4 withered plants (D:5)
20 creatures vanquished.

Grand Total: 278 creatures vanquished

Notes
Turn   | Place    | Note
-------+----------+-------------------------------------------
     0 | D:1      | garrulousMonolith the Hill Orc Fighter began the quest for
                  | the Orb.
     0 | D:1      | Reached XP level 1. HP: 19/19 MP: 1/1
   178 | D:1      | Reached skill level 3 in Axes
   267 | D:1      | Reached XP level 2. HP: 27/27 MP: 2/2
   602 | D:1      | Reached skill level 1 in Invocations
   735 | D:1      | Reached XP level 3. HP: 30/33 MP: 3/3
   741 | D:1      | Learned a level 1 spell: Apportation
   792 | D:1      | Found a faded altar of an unknown god.
  1448 | D:2      | Reached XP level 4. HP: 38/40 MP: 3/5
  1664 | D:2      | Reached skill level 4 in Axes
  1735 | D:2      | Reached skill level 1 in Dodging
  2412 | D:3      | Found Bosiquwkeg's Antique Armour Shoppe.
  2449 | D:3      | Noticed Grinder
  2458 | D:3      | Killed Grinder
  2459 | D:3      | Reached skill level 5 in Axes
  2459 | D:3      | Reached XP level 5. HP: 47/47 MP: 6/6
  2459 | D:3      | Reached XP level 6. HP: 53/53 MP: 7/7
  2785 | D:3      | Found a stormy altar of Qazlal.
  3593 | D:3      | HP: 2/50 [gnoll/+2 whip of flaming (1)]
  3987 | D:4      | Reached XP level 7. HP: 57/57 MP: 9/9
  4219 | D:4      | Noticed Sigmund
  4229 | D:4      | Reached skill level 6 in Axes
  4244 | D:4      | Killed Sigmund
  4245 | D:4      | Reached skill level 5 in Fighting
  5117 | D:5      | Entered Level 5 of the Dungeon
  5118 | D:5      | Became a worshipper of Beogh the Brigand
  5280 | D:5      | Reached XP level 8. HP: 51/68 MP: 10/10
  5508 | D:5      | Reached skill level 7 in Axes
  5508 | D:5      | Reached skill level 5 in Armour
  5610 | D:5      | Reached skill level 5 in Shields
  5646 | D:5      | Found a runed translucent gate.
  5646 | D:5      | Found a runed translucent gate.
  5646 | D:5      | Found a runed translucent gate.
  5646 | D:5      | Noticed Darius099's ghost (novice TrBe)
  5649 | D:5      | Found a basalt altar of Yredelemnul.
  6167 | D:5      | Found Meffeco's Gadget Gallery.
  6263 | D:5      | Reached skill level 8 in Axes
  6531 | D:6      | Reached skill level 5 in Invocations
  6555 | D:6      | Reached XP level 9. HP: 39/75 MP: 12/12
  6923 | D:6      | Reached * piety under Beogh
  7064 | D:6      | Reached skill level 9 in Axes
  8054 | D:7      | Found a broken altar of Ashenzari.
  8057 | D:7      | Found a shimmering altar of Xom.
  8060 | D:7      | Found a shadowy altar of Dithmenos.
  8064 | D:7      | Found a hazy altar of Hepliaklqana.
  8064 | D:7      | Found a white marble altar of Elyvilon.
  8065 | D:7      | Found a radiant altar of Vehumet.
  8067 | D:7      | Found a sparkling altar of Nemelex Xobeh.
  8088 | D:7      | Reached ** piety under Beogh
  8196 | D:7      | Found a staircase to the Ecumenical Temple.
  8205 | Temple   | Entered the Ecumenical Temple
  8672 | D:7      | Reached skill level 10 in Axes
  8871 | D:7      | Reached XP level 10. HP: 58/86 MP: 14/14
  9387 | D:8      | Found Tlown's Tempting Trifles.
  9393 | D:8      | Bought a +0 tower shield for 63 gold pieces
 10272 | D:8      | Found a hide-covered altar of Uskayaw.
 10282 | D:8      | Paralysed by a hornet for 3 turns
 10746 | D:8      | Noticed a tengu warrior
 10751 | D:8      | Killed a tengu warrior
 10754 | D:8      | Reached skill level 11 in Axes
 11029 | D:8      | Identified a scroll of acquirement
 11029 | D:8      | Acquired a +0 cloak of preservation
 11124 | D:9      | Noticed Erica
 11475 | D:9      | Found a bloodstained altar of Trog.
 11780 | D:9      | Reached skill level 5 in Dodging
 12025 | D:9      | Killed Erica
 12026 | D:9      | Reached skill level 12 in Axes
 12026 | D:9      | Reached XP level 11. HP: 58/95 MP: 17/17
 12610 | D:9      | You are sucked into a shaft and drop 1 floor!
 12610 | D:10     | Entered Level 10 of the Dungeon
 12622 | D:10     | Found a staircase to the Lair.
 13895 | D:10     | Noticed a boulder beetle
 14051 | D:10     | Killed a boulder beetle
 14279 | D:11     | Found Zetzoh's Weapon Shop.
 14297 | D:11     | Slain by a gargoyle

Illustrated notes

Levels and vault maps discovered:
D:1:      wander_arrival_abandoned_jail, layout_loops_ring,
          hellmonk_ecumenical_altar_zigzags
D:2:      layout_basic
D:3:      layout_loops_corners, nicolae_overflow_crystal_walls, serial_shops,
          nicolae_lakefront_shop, minmay_misc_feat_tiny, uniq_grinder
D:4:      layout_basic, uniq_sigmund
D:5:      layout_loops_ring, nicolae_yredelemnul_ghost_church, serial_undead,
          serial_undead_c, serial_undead_d, serial_undead_b, serial_undead_f,
          serial_undead_a, nicolae_shop_gadgets
D:6:      layout_loops_cross
D:7:      layout_rooms, nicolae_overflow_hallway_of_the_gods,
          minmay_temple_entry_gardened_gates, nicolae_elevator_lobby_plus
D:8:      layout_loops_ring, mainiacjoe_overflow_tiny_flanked,
          kennysheep_minor_cross, nicolae_alphabet_shops
D:9:      layout_rooms, trog_hazing_becter, uniq_erica
D:10:     layout_roguey, david_lair_shrubbed
D:11:     layout_stronghold, serial_shops, nicolae_shop_bloodbath_and_beyond,
          uniq_urug
Temple:   minmay_temple_curvy_loop

Skill      XL: |  1  2  3  4  5  6  7  8  9 10 11 |
---------------+----------------------------------+-----
Axes           | 3 5 6 8 10 12 | 12.8
Invocations    | 1 2 3 5 6 8 |  8.6
Fighting       | 4 5 6 7 8 9 |  9.0
Dodging        | 1 2 3 4 5 |  5.0
Armour         | 4 5 6 7 8 |  8.3
Shields        | 4 5 6 7 8 |  8.2

Action                   |  1- 3 |  4- 6 |  7- 9 | 10-12 || total
-------------------------+-------+-------+-------+-------++-------
Melee: War axe           |   113 |   154 |   461 |    91 ||   819
       Hand axe          |       |       |       |   291 ||   291
Throw: Dart              |       |       |     8 |     8 ||    16
       Throwing net      |       |       |       |     2 ||     2
Invok: Convert to Beogh  |       |       |     1 |       ||     1
       Smiting           |       |       |       |     7 ||     7
Evoke: Wand              |       |       |     2 |     7 ||     9
  Use: Scroll            |       |     4 |    11 |     5 ||    20
       Potion            |       |     3 |     6 |     3 ||    12
 Stab: Paralysed         |       |       |       |     8 ||     8
       Held in net/web   |       |       |       |     1 ||     1
Armor: Scale mail        |    93 |    24 |       |       ||   117
       Chain mail        |       |    49 |   257 |       ||   306
       Skin              |       |       |     5 |       ||     5
       Plate armour      |       |       |       |   218 ||   218
Dodge: Dodged            |    60 |    57 |   185 |    83 ||   385
Block: Buckler           |    21 |    36 |   137 |     5 ||   199
       Tower shield      |       |       |       |   318 ||   318

Table legend: (Time is in decaauts)
 A = Elapsed time spent in this place.
 B = Non-inter-level travel time spent in this place.
 C = Inter-level travel time spent in this place.
 D = Time resting spent in this place.
 E = Time spent auto-exploring this place.
 F = Levels seen in this place.
 G = Mean time per level.
                   A        B        C        D        E       F      G
               +--------+--------+--------+--------+--------+-----+--------+
         Total |  14535 |  14175 |    360 |   3851 |   7930 |  12 | 1211.2 |
       Dungeon |  14112 |  13776 |    336 |   3639 |   7748 |  11 | 1282.9 |
        Temple |    422 |    398 |     24 |    212 |    182 |   1 |  422.0 |
               +--------+--------+--------+--------+--------+-----+--------+

Top non-repeatable levels by time:
     D:8: 2084 daAuts
     D:3: 1726 daAuts
    D:10: 1557 daAuts
     D:6: 1424 daAuts
     D:9: 1349 daAuts
     D:4: 1305 daAuts
     D:2: 1245 daAuts
     D:5: 1211 daAuts
     D:1: 1098 daAuts
     D:7: 1073 daAuts
  Temple: 422 daAuts
    D:11: 36 daAuts
